 Dungeon Crawl Stone Soup version 0.28-a0-384-g9e0c098162 (webtiles) character file.

Game seed: 316601670023576030

11634 Slugmancer the Basher (level 11, -15/101 HPs)
             Began as a Minotaur Berserker on Sept 2, 2021.
             Was a High Priest of Trog.
             Killed from afar by a gargoyle (26 damage)
             ... with a stone arrow
             ... on level 10 of the Dungeon.
             The game lasted 01:23:12 (10058 turns).

Slugmancer the Basher (Minotaur Berserker)         Turns: 10058, Time: 01:23:13

Health: -15/101    AC: 22    Str: 25    XL:     11   Next: 51%
Magic:  10/10      EV:  8    Int:  4    God:    Trog [*****.]
Gold:   387        SH:  0    Dex: 10    Spells: 10/10 levels left

rFire   + . .      SeeInvis .   C - +7 dire flail (flame)
rCold   + + .      Faith    +   (shield currently unavailable)
rNeg    . . .      Spirit   .   f - +5 plate armour
rPois   .          Reflect  .   (helmet restricted)
rElec   .          Harm     .   u - scarf {rC+ rF+}
rCorr   .          Rampage  .   l - +0 pair of gloves
Will    .....                   (no boots)
Stlth   ..........              h - amulet of faith
HPRegen 0.26/turn               b - ring of protection from cold
MPRegen 0.12/turn               (no ring)

@: on berserk cooldown, slowed, studying Transmutations, very slow
A: horns 2, retaliatory headbutt
a: Renounce Religion, Berserk, Trog's Hand, Brothers in Arms


You were on level 10 of the Dungeon.
You worshipped Trog.
Trog was extremely pleased with you.
You visited 1 branch of the dungeon, and saw 10 of its levels.

You collected 835 gold pieces.
You spent 448 gold pieces at shops.

Inventory:

Hand Weapons
 a - a +0 mace
 d - a +4 vorpal great mace
 e - a +0 flail of holy wrath
 p - a +4 morningstar
 t - a +0 flail
 C - a +7 dire flail of flaming (weapon)
Armour
 f - a +5 plate armour (worn)
 l - a +0 pair of gloves (worn)
 u - a scarf of resistance (worn)
 x - a scarf of harm
 y - a +3 chain mail of cold resistance
Jewellery
 b - a ring of protection from cold (left hand)
 h - an amulet of faith (around neck)
Wands
 s - a wand of paralysis (16)
 z - a wand of flame (19)
 D - a wand of polymorph (8)
Scrolls
 n - 4 scrolls of amnesia
 q - 4 scrolls of teleportation
 v - a scroll of fear
 A - a scroll of identify
 B - 3 scrolls of magic mapping
Potions
 c - 2 potions of flight
 g - a potion of berserk rage
 i - a potion of brilliance {unknown}
 j - a potion of mutation {unknown}
 k - a potion of magic {unknown}
 m - a potion of might {unknown}
 o - 2 potions of attraction
 r - 2 potions of degeneration {unknown}
 w - a potion of haste {unknown}
 E - a potion of lignification {unknown}


   Skills:
 + Level 10.6 Fighting
 + Level 14.6 Maces & Flails
 + Level 12.3 Armour
 + Level 3.3 Dodging
 + Level 1.0 Stealth


You had 10 spell levels left.
You didn't know any spells.
Your spell library contained the following spells:

 Spells                   Type           Power      Damage    Failure   Level
 Dazzling Flash           Conj/Hex       0%         N/A       100%        3
 Ozocubu's Armour         Ice            0%         N/A       100%        3
 Summon Guardian Golem    Hex/Summ       0%         N/A       100%        3
 Iskenderun's Mystic Bla  Conj/Tloc      0%         2d3       100%        4
 Metabolic Englaciation   Hex/Ice        0%         N/A       100%        5
 Simulacrum               Ice/Necr       0%         N/A       100%        6
 Starburst                Conj/Fire      0%         6d3       100%        6
 Orb of Destruction       Conj           0%         N/A       100%        7
 Spellforged Servitor     Conj/Summ      0%         N/A       100%        7
 Chain Lightning          Conj/Air       0%         N/A       100%        9
 Fire Storm               Conj/Fire      0%         5d1       100%        9


Dungeon Overview and Level Annotations

Branches:
Dungeon (10/15)            Temple (0/1) D:7            Lair (0/6) D:9
    Orc (0/2) D:9

Altars:
Elyvilon
Hepliaklqana
Kikubaaqudgha
Makhleb
Nemelex Xobeh
Trog
Uskayaw
Vehumet
Wu Jian
Yredelemnul
The Shining One

Shops:
D:2 [   D:3 ?   D:9 [*?

Annotations:
D:6 3 runed translucent doors, CraigForest's ghost, novice MiBe


Innate Abilities, Weirdness & Mutations

You have a pair of horns on your head.
You reflexively headbutt those who attack you in melee.


Message History

You now have 387 gold pieces (gained 10).
There is an open door here.
You see here a +0 mace.
You feel your anger nearly subside.
You are no longer berserk.
You are exhausted.
You feel yourself slow down.
You open the door. You open the door.
A gargoyle comes into view. It is wielding a +0 mace.
The gargoyle hurls a stone arrow at you.
The stone arrow misses you.
The gargoyle hurls a stone arrow at you.
The stone arrow hits you!
Found a scroll of summoning.
The gargoyle hits you but does no damage.
There is an open door here.
You barely miss the gargoyle. You headbutt the gargoyle!
The gargoyle is moderately damaged.
The gargoyle hits you but does no damage.
You hit the gargoyle. You burn the gargoyle. Your headbutt misses the gargoyle.
The gargoyle is heavily damaged.
The gargoyle closely misses you.
You hit the gargoyle but do no damage.
The gargoyle is heavily damaged.
The gargoyle hurls a stone arrow at you.
The stone arrow hits you!
* * * LOW HITPOINT WARNING * * *
You closely miss the gargoyle.
The gargoyle is heavily damaged.
The gargoyle hits you with a +0 mace!
* * * LOW HITPOINT WARNING * * *
You hit the gargoyle but do no damage.
The gargoyle is heavily damaged.
The gargoyle hurls a stone arrow at you.
The stone arrow hits you but does no damage.
You hit the gargoyle but do no damage.
The gargoyle is heavily damaged.
The gargoyle hurls a stone arrow at you.
The stone arrow hits you!!
You die...

'..... ##+.+##8#
...###+.....'###
#.#8#.......#.#
##...........'##
######........8)...#
...............)..'#
.....##.#8#.......#8#
.... #.###+.....)### #
... #..# ##@.'##.# .# ..
##.###9###8###.# ...
#...#######...# ....
###.........#### ....
#######.........# .....
#.....'.........+
.....###'#####.........#
..........# #.........#
###.......# #.........#


You could see a gargoyle.

Vanquished Creatures
  Pikel (D:5)
  Joseph (D:9)
  2 gargoyles (D:10)
  Psyche (D:10)
  Prince Ribbit (D:6)
  2 trolls (D:9)
  Grinder (D:5)
  15 yaks
  Sigmund (D:4)
  3 wyverns
  3 basilisks
  Eustachio (D:7)
  A steam dragon (D:9)
  Edmund (D:5)
  Menkaure (D:5)
  3 water moccasins
  Duvessa (D:4)
  A sky beast (D:5)
  4 orc warriors
  2 hornet zombies
  4 black bears
  2 wolves
  5 centaurs
  An ogre (D:4)
  3 phantoms
  A kobold brigand (D:9)
  3 gnoll sergeants
  2 bullfrogs
  Dowan (D:4)
  4 scorpions
  22 killer bees
  14 wights
  A bullfrog zombie (D:7)
  A jelly (D:5)
  5 centaur zombies
  3 hounds
  3 centaur skeletons
  5 orc priests
  A bullfrog skeleton (D:5)
  2 iguanas
  A scorpion zombie (D:5)
  5 orc wizards
  14 gnolls
  2 howler monkey skeletons
  9 adders
  3 shadow imps (D:7)
  A white imp (D:7)
  An ufetubus (D:6)
  2 adder skeletons
  3 worms
  18 orcs
  9 ball pythons
  7 endoplasms
  A giant cockroach (D:3)
  3 hobgoblins
  3 quokkas
  4 bats
  5 frilled lizards
  8 goblins
  12 kobolds
  3 rats (D:1)
243 creatures vanquished.

Vanquished Creatures (others)
  4 fungi
  7 plants (D:9)
11 creatures vanquished.

Grand Total: 254 creatures vanquished

Notes
Turn   | Place    | Note
-------+----------+-------------------------------------------
     0 | D:1      | Slugmancer the Minotaur Berserker began the quest for the
                  | Orb.
     0 | D:1      | Reached XP level 1. HP: 19/19 MP: 0/0
   350 | D:1      | Reached skill level 4 in Maces & Flails
   350 | D:1      | Reached XP level 2. HP: 27/27 MP: 1/1
   396 | D:1      | Found a faded altar of an unknown god.
  1107 | D:2      | Found Woczeis's Antique Armour Shop.
  1174 | D:2      | Reached XP level 3. HP: 33/33 MP: 2/2
  1272 | D:2      | Reached ** piety under Trog
  2223 | D:3      | Reached XP level 4. HP: 41/41 MP: 3/3
  2234 | D:3      | Found a glowing golden altar of the Shining One.
  2234 | D:3      | Found an ornate altar of the Wu Jian Council.
  2239 | D:3      | Found a bloodstained altar of Trog.
  2239 | D:3      | Found a radiant altar of Vehumet.
  2511 | D:3      | Found Siding's Magic Scroll Boutique.
  2733 | D:4      | Noticed Sigmund
  2738 | D:4      | Killed Sigmund
  2739 | D:4      | Reached skill level 5 in Maces & Flails
  2739 | D:4      | Reached XP level 5. HP: 47/47 MP: 4/4
  2878 | D:4      | Noticed an ogre
  2889 | D:4      | Killed an ogre
  2890 | D:4      | Reached skill level 6 in Maces & Flails
  2890 | D:4      | Reached XP level 6. HP: 26/55 MP: 5/5
  2973 | D:4      | Noticed Dowan
  2978 | D:4      | Noticed Duvessa
  2989 | D:4      | Killed Duvessa
  2990 | D:4      | Reached skill level 5 in Fighting
  2990 | D:4      | Reached skill level 5 in Armour
  2991 | D:4      | Killed Dowan
  3381 | D:4      | Reached XP level 7. HP: 47/61 MP: 6/6
  3592 | D:4      | Reached skill level 7 in Maces & Flails
  3592 | D:4      | Reached skill level 1 in Stealth
  3774 | D:5      | Entered Level 5 of the Dungeon
  3842 | D:5      | Noticed Menkaure
  3851 | D:5      | Noticed Edmund
  3854 | D:5      | Killed Menkaure
  3855 | D:5      | Reached skill level 8 in Maces & Flails
  3869 | D:5      | Killed Edmund
  3870 | D:5      | Reached XP level 8. HP: 44/70 MP: 7/7
  3891 | D:5      | Noticed Pikel
  3905 | D:5      | Killed Pikel
  3906 | D:5      | Reached skill level 9 in Maces & Flails
  3935 | D:5      | Noticed Grinder
  3940 | D:5      | Killed Grinder
  4004 | D:5      | Reached skill level 10 in Maces & Flails
  4065 | D:5      | Reached *** piety under Trog
  4086 | D:5      | Reached XP level 9. HP: 69/78 MP: 8/8
  4854 | D:6      | Noticed Eustachio
  4974 | D:7      | Killed Eustachio
  5030 | D:6      | Reached skill level 11 in Maces & Flails
  5273 | D:6      | Paralysed by an orc for 2 turns
  5394 | D:6      | Noticed Prince Ribbit
  5400 | D:6      | Killed Prince Ribbit
  5432 | D:6      | Reached **** piety under Trog
  5452 | D:6      | Found a sparkling altar of Nemelex Xobeh.
  5622 | D:6      | Found a runed translucent gate.
  5624 | D:6      | Found a runed translucent gate.
  5626 | D:6      | Found a runed translucent gate.
  5627 | D:6      | Noticed CraigForest's ghost (novice MiBe)
  5659 | D:6      | Identified a scroll of acquirement
  5659 | D:6      | Acquired a +4 vorpal great mace
  5837 | D:7      | Reached skill level 10 in Armour
  5897 | D:7      | Found an ancient bone altar of Kikubaaqudgha.
  5900 | D:7      | Found a white marble altar of Elyvilon.
  5907 | D:7      | Found a hide-covered altar of Uskayaw.
  5911 | D:7      | Found a basalt altar of Yredelemnul.
  6345 | D:7      | Reached XP level 10. HP: 71/89 MP: 9/9
  6388 | D:7      | Reached skill level 12 in Maces & Flails
  6399 | D:7      | Found a staircase to the Ecumenical Temple.
  6801 | D:7      | Found a burning altar of Makhleb.
  7282 | D:8      | Reached ***** piety under Trog
  8060 | D:8      | Reached skill level 13 in Maces & Flails
  8831 | D:8      | Reached skill level 10 in Fighting
  8914 | D:9      | Reached XP level 11. HP: 89/99 MP: 10/10
  8931 | D:9      | Found a staircase to the Lair.
  9037 | D:9      | Found Miyti's Armour Emporium.
  9061 | D:9      | Found a staircase to the Orcish Mines.
  9309 | D:9      | Found a hazy altar of Hepliaklqana.
  9594 | D:9      | Found Bockiv's Serpentskin Sales.
  9707 | D:9      | Noticed Joseph
  9719 | D:9      | Killed Joseph
  9720 | D:9      | Reached skill level 14 in Maces & Flails
  9751 | D:9      | Received a gift from Trog
  9792 | D:9      | Found Coesu's Magic Scroll Boutique.
  9811 | D:9      | Bought a scroll of enchant weapon for 112 gold pieces
  9811 | D:9      | Bought a scroll of enchant weapon for 112 gold pieces
  9811 | D:9      | Bought a scroll of enchant armour for 112 gold pieces
  9811 | D:9      | Bought a scroll of enchant armour for 112 gold pieces
  9929 | D:10     | Entered Level 10 of the Dungeon
  9930 | D:10     | Noticed Psyche
  9938 | D:10     | Killed Psyche
 10058 | D:10     | Killed from afar by a gargoyle

Illustrated notes

Levels and vault maps discovered:
D:1:      minmay_arrival_loop, layout_basic, ebering_ecumenical_altar_box,
          minmay_stone_trees_small, st_stairs_6
D:2:      layout_basic, serial_shops, nicolae_shop_trees, chequers_arboretum
D:3:      layout_rooms, grunt_temple_overflow_open, serial_shops,
          nicolae_diamond_shop
D:4:      minmay_polygon_palace, layout_basic,
          amcnicky_mini_rare_corridor_liquid, uniq_duvessa, uniq_sigmund
D:5:      minmay_diamond_boxcup, layout_rooms, minmay_misc_feat_hallway,
          uniq_edmund, uniq_pikel, uniq_grinder, uniq_menkaure
D:6:      layout_basic, general_overflow_altar, gammafunk_ghost_nasty_kobolds,
          uniq_eustachio, uniq_prince_ribbit1, uniq_crazy_yiuf_cottage
D:7:      lemuel_ice_spiral_2, layout_basic, makhleb_grotto_becter,
          nicolae_ru_path_of_blood, grunt_temple_overflow_cloverleaf,
          minmay_temple_entry_drinking_statues, minmay_manual_mares
D:8:      layout_cave_pools
D:9:      layout_gridville, worldfamousw_hep_ancestral_shrine,
          minmay_lair_entry_grove, serial_shops, nicolae_diamond_shop, shop,
          guppyfry_shop_venom, uniq_joseph
D:10:     cheibrodos_statue_roulette, layout_basic, special_room
          [special_room_bee], uniq_psyche

Skill      XL: |  1  2  3  4  5  6  7  8  9 10 11 |
---------------+----------------------------------+-----
Maces & Flails | 4 5 6 8 10 11 13 14 | 14.6
Fighting       | 4 5 6 8 10 | 10.6
Armour         | 3 4 5 6 8 10 11 12 | 12.3
Dodging        | 3 |  3.3
Stealth        | 1 |  1.0

Action                   |  1- 3 |  4- 6 |  7- 9 | 10-12 || total
-------------------------+-------+-------+-------+-------++-------
Melee: Mace              |    78 |    64 |    54 |       ||   196
       Headbutt          |     9 |    10 |    51 |    48 ||   118
       Flail             |       |       |   155 |       ||   155
       Great mace        |       |       |    41 |    69 ||   110
       Morningstar       |       |       |       |   175 ||   175
       Dire flail        |       |       |       |    35 ||    35
Invok: Berserk           |       |     3 |    10 |     9 ||    22
       Trog's Hand       |       |     1 |     4 |     5 ||    10
  Use: Scroll            |     9 |     2 |     6 |     9 ||    26
       Potion            |       |       |     2 |     4 ||     6
Armor: Ring mail         |    17 |       |       |       ||    17
       Animal skin       |     2 |       |       |       ||     2
       Plate armour      |    19 |    34 |   200 |   253 ||   506
Dodge: Dodged            |    61 |    14 |   160 |   160 ||   395

Table legend: (Time is in decaauts)
 A = Elapsed time spent in this place.
 B = Non-inter-level travel time spent in this place.
 C = Inter-level travel time spent in this place.
 D = Time resting spent in this place.
 E = Time spent auto-exploring this place.
 F = Levels seen in this place.
 G = Mean time per level.
                   A        B        C        D        E       F      G
               +--------+--------+--------+--------+--------+-----+--------+
         Total |  10222 |  10219 |      3 |   1660 |      0 |  10 | 1022.2 |
       Dungeon |  10222 |  10219 |      3 |   1660 |      0 |  10 | 1022.2 |
               +--------+--------+--------+--------+--------+-----+--------+

Top non-repeatable levels by time:
     D:8: 1910 daAuts
     D:7: 1510 daAuts
     D:2: 1237 daAuts
     D:9: 1119 daAuts
     D:4: 1084 daAuts
     D:1: 983 daAuts
     D:6: 967 daAuts
     D:5: 756 daAuts
     D:3: 526 daAuts
    D:10: 126 daAuts
